Map: Orbital Shipyard

Players

고기반찬

  • Race: Zerg Zerg
  • League: Diamond

ILLBdA - Winner!

  • Race: Protoss Protoss
  • League: Diamond

VOD

Have the link to the VOD?

Description

Time

  • Played on: Dec. 31, 2015, 8:20 a.m.
  • Length: 12:11
Show
View Real Time Build Order
Export as new Build Order

고기반찬 Zerg 

Build Orders: Hatch First 

Get SALT Encoding   

  12  0:01  Drone  
  13  0:08  Drone  
  14  0:18  Overlord  
  14  0:36  Drone x3  
  17  0:49  Drone  
  18  0:56  Hatchery  
  17  0:59  Drone  
  18  1:11  Spawning Pool  
  17  1:19  Extractor  
  16  1:36  Hatchery  
  16  1:37  Drone  
  16  1:45  Drone x2  
  18  1:54  Overlord  
  18  2:02  Zergling x2  
  18  2:08  Queen  
  20  2:14  Zergling x2  
  23  2:27  Zergling x2  
  24  2:36  Drone  
  24  2:37  Metabolic Boost  
  24  3:08  Zergling x6  
  24  3:10  Baneling Nest, Queen  
  28  3:13  Hatchery  
  25  3:39  Zergling x4  
  25  3:40  Zergling x6  
  25  4:16  Drone x3, Roach Warren  
  27  4:17  Lair  
  27  4:19  Extractor  
  26  4:36  Zergling x2  
  24  4:40  Zergling x2  
  24  4:41  Drone x3  
  28  4:55  Spore Crawler  
  28  4:56  Roach  
  28  5:08  Zergling x4  
  29  5:20  Roach x3  
  29  5:21  Ravager  
  36  5:26  Overlord  
  36  5:28  Overlord  
  36  5:33  Queen  
  36  5:48  Ravager x3  
  39  5:52  Drone, Overlord  
  39  5:55  Drone x3  
  43  6:00  Zergling x2  
  44  6:10  Queen  
  46  6:13  Roach  
  46  6:14  Roach x2  
  52  6:29  Overlord  
  52  6:30  Overlord, Glial Reconstitution  
  52  6:47  Queen  
  52  6:48  Overseer  
  54  6:56  Ravager x3  
  57  7:01  Drone x3  
  60  7:10  Roach x4  
  68  7:24  Hatchery  
  68  7:26  Drone  
  68  7:27  Overlord x2  
  68  7:32  Evolution Chamber  
  68  7:36  Queen  
  68  7:37  Evolution Chamber  
  68  7:44  Overseer  
  68  7:45  Overlord  
  68  7:48  Overlord  
  68  7:51  Roach x2  
  69  8:04  Zerg Missile Weapons Level 1  
  69  8:07  Drone x3  
  69  8:12  Drone x4  
  76  8:15  Extractor  
  76  8:16  Extractor  
  74  8:21  Zerg Ground Armor Level 1  
  74  8:31  Ravager, Extractor  
  74  8:33  Zergling x6  
  77  8:34  Extractor  
  76  8:42  Roach x2  
  76  8:45  Drone  
  81  8:49  Zergling x4  
  81  8:50  Ravager, Zergling x2  
  85  8:58  Drone x2  
  85  9:01  Drone x5  
  67  9:17  Roach x2  
  67  9:18  Roach, Zergling x2  
  74  9:28  Zergling x6  
  75  9:32  Zergling x2  
  75  9:33  Zergling x2  
  72  9:40  Drone x4  
  73  9:47  Roach  
  73  9:50  Ravager x2  
  73  9:51  Ravager  
  73  10:02  Ravager x2  
  73  10:03  Roach  
  77  10:15  Overlord x2  
  77  10:28  Overseer  
  77  10:29  Overlord x2  
  77  10:35  Drone x3  
  79  10:46  Ravager x2  
  79  10:47  Zergling x8  
  85  11:17  Zergling x4  
  85  11:18  Zergling x2  
  88  11:21  Drone  
  88  11:22  Overlord x3  
  88  11:24  Roach  
  91  11:29  Hatchery  
Show
View Real Time Build Order
Export as new Build Order

ILLBdA Protoss - Winner!

Build Orders:  

Get SALT Encoding   

  12  0:01  Probe (Chrono Boost)  
  13  0:11  Probe (Chrono Boost)  
  14  0:20  Pylon  
  14  0:23  Probe (Chrono Boost)  
  15  0:38  Probe (Chrono Boost)  
  15  0:40  Forge  
  16  0:48  Probe (Chrono Boost)  
  17  0:59  Probe (Chrono Boost)  
  18  1:09  Probe (Chrono Boost)  
  19  1:12  Pylon  
  19  1:20  Probe (Chrono Boost)  
  20  1:31  Probe (Chrono Boost)  
  21  1:37  Photon Cannon  
  21  1:38  Pylon  
  21  1:41  Probe (Chrono Boost)  
  21  1:44  Pylon  
  22  1:52  Probe (Chrono Boost)  
  23  2:02  Probe (Chrono Boost)  
  23  2:03  Photon Cannon  
  23  2:05  Photon Cannon  
  24  2:13  Probe (Chrono Boost)  
  24  2:14  Gateway  
  25  2:17  Assimilator  
  25  2:23  Probe (Chrono Boost)  
  26  2:34  Probe (Chrono Boost)  
  27  2:40  Pylon  
  27  2:42  Assimilator  
  27  2:44  Probe (Chrono Boost), Pylon  
  28  2:55  Probe (Chrono Boost)  
  30  3:06  Photon Cannon  
  30  3:07  Photon Cannon  
  30  3:08  Photon Cannon  
  30  3:09  Pylon  
  29  3:23  Pylon  
  29  3:28  Photon Cannon  
  29  3:33  Pylon  
  29  3:37  Zealot  
  29  3:40  Photon Cannon  
  31  3:42  Probe (Chrono Boost)  
  31  3:43  Cybernetics Core  
  32  3:51  Photon Cannon  
  32  3:56  Probe (Chrono Boost)  
  33  4:04  Gateway  
  33  4:11  Probe (Chrono Boost)  
  34  4:21  Nexus  
  34  4:22  Mothership Core (Chrono Boost)  
  34  4:23  Warp Gate  
  36  4:37  Pylon  
  35  4:40  Probe (Chrono Boost)  
  36  4:48  Robotics Facility  
  36  4:50  Probe (Chrono Boost)  
  39  4:53  Stalker (Chrono Boost)  
  39  4:59  Pylon  
  39  5:03  Stalker (Chrono Boost)  
  39  5:06  Pylon  
  41  5:21  Probe  
  41  5:25  Stalker (Chrono Boost)  
  43  5:35  Stalker (Chrono Boost)  
  45  5:41  Probe  
  46  5:43  Immortal (Chrono Boost)  
  46  5:46  Probe  
  46  5:49  Assimilator x2  
  51  5:53  Probe  
  52  5:57  Probe  
  53  6:05  Probe  
  53  6:08  Probe  
  53  6:09  Gateway  
  59  6:18  Immortal (Chrono Boost)  
  59  6:21  Pylon  
  59  6:27  Sentry x2  
  59  6:32  Probe  
  64  6:35  Robotics Facility  
  64  6:36  Pylon  
  64  6:40  Probe  
  64  6:44  Probe  
  66  6:53  Gateway  
  66  6:54  Gateway  
  66  6:58  Gateway  
  66  7:00  Observer (Chrono Boost)  
  68  7:08  Probe  
  68  7:12  Pylon  
  68  7:17  Protoss Ground Weapons Level 1  
  68  7:19  Immortal (Chrono Boost)  
  72  7:26  Pylon  
  72  7:36  Immortal (Chrono Boost)  
  76  7:53  Sentry x4  
  76  7:54  Nexus  
  84  8:01  Pylon  
  84  8:04  Probe, Pylon  
  85  8:18  Probe  
  85  8:19  Immortal x2 (Chrono Boost)  
  94  8:30  Sentry x4  
  102  8:35  Pylon  
  102  8:55  Probe  
  103  8:57  Robotics Bay  
  103  9:01  Sentry x2  
  107  9:03  Warp Prism (Chrono Boost)  
  107  9:05  Probe  
  104  9:19  Adept x2  
  112  9:24  Immortal (Chrono Boost)  
  112  9:30  Adept  
  112  9:31  Adept  
  116  9:40  Immortal (Chrono Boost)  
  116  9:43  Probe  
  116  9:45  Pylon  
  121  9:47  Assimilator  
  121  9:52  Probe, Assimilator  
  122  9:58  Twilight Council, Disruptor (Chrono Boost)  
  125  10:14  Adept x4  
  133  10:25  Pylon  
  133  10:26  Pylon  
  133  10:28  Pylon  
  133  10:41  Probe  
  133  10:42  Probe x2  
  124  10:51  Probe  
  124  10:53  Adept x4  
  124  10:54  Probe  
  134  11:01  Probe  
  133  11:17  Adept x2  
  133  11:18  Adept x2  
  135  11:40  Disruptor (Chrono Boost)  
  135  11:48  Probe  
Tags
 
Matchup
PvZ
Replay Pack
me
Add a new tag
Caveats
  • Supply blocks, unpowered buildings, or Contaminate may cause inaccurate times.
  • Supply counts are checked every 10 seconds.